 Dungeon Crawl Stone Soup version 0.28.0 (webtiles) character file.

Game seed: 11839523998200568394

176529 KamiKatze the Severer (level 17, -5/154 HPs)
             Began as a Minotaur Berserker on Feb 4, 2022.
             Was the Champion of Trog.
             Killed from afar by a fenstrider witch (13 damage)
             ... with a toxic sludge
             ... while paralysed by a fenstrider witch
             ... on level 3 of the Swamp on Feb 5, 2022.
             The game lasted 02:11:32 (28051 turns).

KamiKatze the Severer (Minotaur Berserker)         Turns: 28051, Time: 02:11:33

Health: -5/154     AC: 37    Str: 39    XL:     17   Next: 51%
Magic:  25/25      EV:  2    Int:  4    God:    Trog [******]
Gold:   1531       SH:  0    Dex: 11    Spells: 16/16 levels left

rFire   + + .      SeeInvis +   a - +2 war axe (vamp)
rCold   + . .      Faith    .   L - +0 kite shield {rF+}
rNeg    . . .      Spirit   .   V - +9 scales of the Dragon King {rPois rF+ rC+ Will+}
rPois   +          Reflect  +   B - +2 hat of Joy {Regen+ MP+9 Dex+2}
rElec   .          Harm     .   U - +0 cloak
rCorr   +          Rampage  .   e - +1 pair of gloves
Will    ++...                   M - +1 pair of boots
Stlth   ..........              C - amulet of reflection
HPRegen 1.15/turn               h - ring of Ruatz {rPois Str+8 SInv}
MPRegen 0.19/turn               c - ring of resist corrosion

@: paralysed, lethally poisoned (-5 -> -25), studying Invocations, very slow
A: horns 2, retaliatory headbutt
a: Renounce Religion, Berserk, Trog's Hand, Brothers in Arms


You were on level 3 of the Swamp.
You worshipped Trog.
Trog was exalted by your worship.
You visited 5 branches of the dungeon, and saw 27 of its levels.
You also visited: Ice Cave and Volcano.

You collected 3724 gold pieces.
You spent 2193 gold pieces at shops.

Inventory:

Hand Weapons
 a - a +2 vampiric war axe (weapon)
 b - a +2 hand axe of venom
 w - a +1 broad axe of flaming
 T - a +6 antimagic war axe
 Z - a +4 broad axe
Missiles
 f - 285 stones
 A - 6 throwing nets
 J - 6 curare-tipped darts
 N - 18 poisoned darts (quivered)
Armour
 e - a +1 pair of gloves (worn)
 B - the +2 hat of Joy (worn) {Regen+ MP+9 Dex+2}
   (You acquired it on level 4 of the Lair of Beasts)

   Dex:       It affects your dexterity (+2).
   MP:        It affects your magic capacity (+9).
   Regen:     It increases your rate of health regeneration.
 F - a +0 tower shield
 L - a +0 kite shield of fire resistance (worn)
 M - a +1 pair of boots (worn)
 U - a +0 cloak (worn)
 V - the +9 scales of the Dragon King (worn) {rPois rF+ rC+ Will+}
   (You bought it in a shop on level 15 of the Dungeon)

   rF:        It protects you from fire.
   rC:        It protects you from cold.
   rPois:     It protects you from poison.
   Will:      It increases your willpower.
Jewellery
 c - a ring of resist corrosion (right hand)
 h - the ring of Ruatz (left hand) {rPois Str+8 SInv}
   (You acquired it on level 5 of the Lair of Beasts)

   [ring of see invisible]

   Str:       It affects your strength (+8).
   rPois:     It protects you from poison.
   SInv:      It lets you see invisible.
 n - a +6 ring of intelligence
 o - a ring of protection from fire
 C - an amulet of reflection (around neck)
 O - a +4 ring of protection
Wands
 q - a wand of flame (24)
 t - a wand of acid (21)
 u - a wand of iceblast (14)
 x - a wand of polymorph (17)
 H - a wand of paralysis (23)
 K - a wand of digging (5)
 Q - a wand of mindburst (1)
 W - a wand of charming (25)
Scrolls
 d - 4 scrolls of fear
 k - 7 scrolls of identify
 m - a scroll of silence
 p - a scroll of enchant armour
 v - 5 scrolls of teleportation
 y - 2 scrolls of blinking
 P - a scroll of fog
 R - a scroll of acquirement
 S - 3 scrolls of summoning
Potions
 i - 3 potions of cancellation
 j - 9 potions of flight
 l - a potion of haste
 r - 5 potions of heal wounds
 s - 9 potions of curing
 z - a potion of lignification
 D - a potion of invisibility
 E - a potion of resistance
 G - 3 potions of attraction
 X - 2 potions of berserk rage {unknown}
Miscellaneous
 g - a tin of tremorstones (2/2)
 I - a lightning rod (4/4)
 Y - a condenser vane


   Skills:
 + Level 14.7 Fighting
 - Level 20.1 Axes
 + Level 14.5 Armour
 + Level 15.2 Dodging
 * Level 18.2 Shields
 + Level 5.0 Evocations


You had 16 spell levels left.
You didn't know any spells.
Your spell library was empty.

Dungeon Overview and Level Annotations

Branches:
Dungeon (15/15)            Temple (1/1) D:6            Lair (6/6) D:10
  Swamp (3/4) Lair:3        Snake (0/4) Lair:4        Slime (0/5) Lair:5
    Orc (2/2) D:12            Elf (0/3) Orc:2        Vaults (0/5) D:13
 Depths (0/4) D:15          IceCv (visited)         Volcano (visited)

Altars:
Ashenzari
Cheibriados
Dithmenos
Elyvilon
Fedhas
Gozag
Hepliaklqana
Kikubaaqudgha
Makhleb
Nemelex Xobeh
Okawaru
Qazlal
Ru
Sif Muna
Trog
Uskayaw
Vehumet
Wu Jian
Xom
Yredelemnul
Zin
The Shining One
Beogh
Jiyva

Shops:
D:11 (   D:15 **   Orc:1 (   Orc:2 :*=?((

Annotations:
D:15 1 runed translucent door, exclusion: door


Innate Abilities, Weirdness & Mutations

You have a pair of horns on your head.
You reflexively headbutt those who attack you in melee.


Message History

The fenstrider witch hits you but does no damage.
The fenstrider witch kicks you but does no damage.
The spriggan rider hits you but does no damage.
A ghoul comes into view.
You feel sick.
The vampire mosquito bites you but does no damage.
The swamp worm fires a harpoon shot at you.
The harpoon shot hits you but does no damage.
The vampire mosquito bites you but does no damage.
The fenstrider witch gestures at you while chanting.
The toxic sludge hits you.
You are more poisoned.
* * * LOW HITPOINT WARNING * * *
Splash!
You fall into the toxic bog.
Moving in this stuff is going to be slow.
The spriggan rider hits you but does no damage.
The swamp worm fires a harpoon shot at you.
The harpoon shot hits you but does no damage.
You fester in the toxic bog!
You partially resist.
You are more poisoned.
The sentinel's mark upon you fades away.
You feel very sick.
The vampire mosquito bites you but does no damage. x2
The fenstrider witch casts a spell at you.
The toxic sludge hits you but does no damage.
You are more poisoned.
The swamp worm fires a harpoon shot at you.
The harpoon shot hits you but does no damage.
The spriggan rider hits you but does no damage.
You fester in the toxic bog.
You partially resist.
You are more poisoned.
* * * LOW HITPOINT WARNING * * *
x2 You feel very sick.
The vampire mosquito bites you but does no damage.
The fenstrider witch points at you and mumbles some strange words.
The toxic sludge hits you!
You are more poisoned.
You partially resist.
You die...

♣≈≈≈.♣ ♣♣ ♣♣≈≈≈.♣♣
♣.♣. ♣.≈...<♣♣♣......♣
♣≈§≈≈≈.♣♣....[..♣♣
♣≈.≈.≈.♣.≈..>..≈.♣
♣.≈♣.≈...≈♣)..§≈.♣♣
♣.≈§.vn≈≈......≈.$♣
♣♣..♣≈ny≈.§≈≈≈.....
♣≈...≈iH@..≈≈≈.≈♣ .
♣$.n.♣≈k≈≈.≈†≈≈≈♣♣≈≈
♣...♣...♣≈§w...≈≈≈≈..
.≈k§.♣♣♣.≈≈≈≈§≈≈§≈.≈.≈
≈≈.§ ...§≈≈.≈.<.≈.≈≈§.
≈≈≈ ≈≈§≈≈≈≈≈≈≈≈≈≈≈...
≈:. ≈.≈≈...≈≈≈≈≈≈≈≈.♣
.≈≈.≈.≈≈≈≈...≈≈..♣
.≈≈♣♣≈≈.♣.≈≈.§.♣♣


You could see 2 ghouls, a fenstrider witch, a spriggan rider, a will-o-the-wisp,
a swamp worm, a swamp drake, a vampire mosquito and a necrophage.

Vanquished Creatures
  Jorgrun (Orc:2)
  Gastronok (Lair:2)
  A very ugly thing (IceCv)
  5 eleionomae
  A red draconian (Volcano)
  3 bunyips
  An ettin (shapeshifter) (D:14)
  An ettin (D:15)
  A fire dragon (Orc:2)
  2 blizzard demons (IceCv)
  2 rakshasas
  Josephine (D:11)
  Erolcha (Orc:2)
  Harold (D:11)
  8 vault guards (D:13)
  3 caustic shrike simulacra (IceCv)
  6 boulder beetles
  8 hydras
  A ghost crab (Swamp:2)
  Fannar (Lair:1)
  5 catoblepae
  A death knight (D:15)
  Erica (D:8)
  5 centaur warriors
  11 death yaks
  4 orc high priests
  3 two-headed ogres
  4 tengu warriors
  Sonja (D:11)
  Nergalle (D:11)
  2 fire crabs
  4 goliath frogs
  A salamander mystic (Volcano)
  A deep troll (D:15)
  An obsidian statue (IceCv)
  5 spriggan druids
  A bog body (Swamp:1)
  7 swamp dragons
  8 spriggan simulacra (IceCv)
  4 wizards
  5 deep elf pyromancers
  3 orc knights (Orc:2)
  12 ugly things
  5 cyclopes
  2 will-o-the-wisps
  9 manticores
  4 orc sorcerers (Orc:2)
  11 elephants
  4 salamanders (Volcano)
  An oklob plant (Lair:6)
  4 black mambas
  Maurice (D:13)
  A gargoyle (D:14)
  A torpor snail (Lair:6)
  A molten gargoyle (D:13)
  7 cane toads
  A rime drake (Lair:5)
  3 unseen horrors
  10 ice devils (IceCv)
  7 komodo dragons
  5 freezing wraiths
  8 entropy weaver simulacra (IceCv)
  2 tengu conjurers (D:15)
  3 polar bears
  4 tyrant leeches
  9 trolls
  7 hornets
  22 slime creatures
  A raiju (shapeshifter) (D:14)
  A hornet (shapeshifter) (D:14)
  11 dream sheep
  32 blink frogs
  10 spriggans
  5 wyverns
  80 yaks
  2 dire elephant simulacra (IceCv)
  6 wraiths
  A centaur simulacrum (D:15)
  Sigmund (D:4)
  8 basilisks
  3 steam dragons
  14 vampire mosquitoes
  2 harpy simulacra
  5 minotaur simulacra (IceCv)
  4 nagas (Lair:4)
  A hydra simulacrum (IceCv)
  4 acid dragons
  8 swamp worms
  17 water moccasins
  21 orc warriors
  5 sky beasts
  A black bear (D:7)
  An ice beast (D:7)
  2 ogres
  19 centaurs
  7 wolves
  2 phantoms
  A kobold brigand (D:8)
  13 bullfrogs
  3 gnoll sergeants
  7 earth elementals (D:13)
  A wyvern zombie (D:8)
  A scorpion (D:5)
  6 deep troll simulacra (IceCv)
  A wyvern skeleton (D:7)
  2 lindwurm simulacra (IceCv)
  5 howler monkeys
  A crimson imp (D:10)
  2 lava snakes (D:13)
  A centaur zombie (D:7)
  8 hounds
  A bullfrog skeleton (D:2)
  14 orc priests
  A gnoll shaman (D:6)
  4 jellies
  Jessica (D:2)
  2 centaur skeletons
  An iguana (D:6)
  28 orc wizards
  A hound zombie (D:5)
  A howler monkey zombie (D:9)
  18 gnolls
  9 adders
  A howler monkey skeleton (D:4)
  A shadow imp (D:6)
  2 ufetubi
  2 worms (D:2)
  7 dart slugs
  62 orcs
  6 ball pythons
  3 bats
  9 endoplasms
  4 giant cockroaches
  9 goblins
  7 hobgoblins
  8 kobolds
  6 quokkas
  3 frilled lizards
  8 rats
816 creatures vanquished.

Vanquished Creatures (others)
  An eleionoma (Swamp:1)
  A goliath frog (Swamp:1)
  2 bloated husks (Swamp:1)
  A swamp worm (Swamp:2)
  26 foxfires
  33 fungi
  50 plants
114 creatures vanquished.

Grand Total: 930 creatures vanquished

Notes
Turn   | Place    | Note
-------+----------+-------------------------------------------
     0 | D:1      | KamiKatze the Minotaur Berserker began the quest for the
                  | Orb.
     0 | D:1      | Reached XP level 1. HP: 19/19 MP: 0/0
   195 | D:1      | Reached XP level 2. HP: 20/27 MP: 1/1
   199 | D:1      | Reached skill level 4 in Axes
   611 | D:1      | Reached XP level 3. HP: 28/33 MP: 2/2
   813 | D:2      | Found a faded altar of an unknown god.
   913 | D:2      | Reached ** piety under Trog
  1123 | D:2      | Reached XP level 4. HP: 37/40 MP: 3/3
  1177 | D:2      | Reached skill level 5 in Axes
  1359 | D:2      | Noticed Jessica
  1368 | D:2      | Killed Jessica
  1369 | D:2      | Reached XP level 5. HP: 47/47 MP: 4/4
  1484 | D:2      | Found an ornate altar of the Wu Jian Council.
  2868 | D:4      | Reached skill level 6 in Axes
  2870 | D:4      | Reached XP level 6. HP: 46/53 MP: 5/5
  2998 | D:4      | Noticed Sigmund
  3005 | D:4      | Killed Sigmund
  3006 | D:4      | Reached skill level 7 in Axes
  3324 | D:4      | Reached *** piety under Trog
  3360 | D:4      | Reached skill level 8 in Axes
  3360 | D:4      | Reached XP level 7. HP: 49/60 MP: 2/6
  3754 | D:5      | Entered Level 5 of the Dungeon
  4083 | D:5      | Reached skill level 9 in Axes
  4367 | D:6      | Found a staircase to the Ecumenical Temple.
  4385 | Temple   | Entered the Ecumenical Temple
  4657 | D:6      | Reached skill level 10 in Axes
  4813 | D:6      | Reached XP level 8. HP: 55/67 MP: 7/7
  5099 | D:6      | Reached skill level 5 in Fighting
  5715 | D:7      | Reached skill level 5 in Armour
  5858 | D:7      | Reached skill level 11 in Axes
  5922 | D:7      | Reached skill level 5 in Dodging
  6121 | D:7      | Found a glowing golden altar of the Shining One.
  6122 | D:7      | Found a broken altar of Ashenzari.
  6230 | D:7      | Reached XP level 9. HP: 68/75 MP: 8/8
  6266 | D:7      | Reached **** piety under Trog
  6623 | D:8      | Noticed Erica
  6643 | D:8      | HP: 2/78 [something (10)]
  6657 | D:8      | Killed Erica
  6658 | D:8      | Reached skill level 12 in Axes
  7304 | D:8      | Found a shimmering altar of Xom.
  7709 | D:9      | Found a white marble altar of Elyvilon.
  7717 | D:9      | Found a hide-covered altar of Uskayaw.
  7736 | D:9      | Found a sacrificial altar of Ru.
  7789 | D:9      | Reached skill level 13 in Axes
  7789 | D:9      | Reached XP level 10. HP: 63/88 MP: 9/9
  8579 | D:9      | Noticed a two-headed ogre
  8584 | D:9      | Killed a two-headed ogre
  8585 | D:9      | Reached skill level 14 in Axes
  8741 | D:10     | Entered Level 10 of the Dungeon
  9117 | D:10     | Reached ***** piety under Trog
  9229 | D:10     | Found a staircase to the Lair.
  9278 | D:10     | Reached XP level 11. HP: 94/97 MP: 10/10
  9705 | D:10     | Noticed a wizard
  9710 | D:10     | Killed a wizard
  9907 | D:11     | Noticed Nergalle
  9912 | D:11     | Killed Nergalle
 10011 | D:11     | Noticed Harold
 10035 | D:11     | Killed Harold
 10036 | D:11     | Reached skill level 15 in Axes
 10270 | D:11     | Found Ivecid's Antique Weapon Boutique.
 10604 | D:11     | Reached skill level 10 in Fighting
 10691 | D:11     | Noticed Josephine
 10715 | D:11     | Killed Josephine
 10721 | D:11     | Reached skill level 1 in Evocations
 10831 | D:11     | Noticed Sonja
 10837 | D:11     | Killed Sonja
 11135 | D:12     | Noticed a deep elf pyromancer
 11214 | Lair:1   | Entered Level 1 of the Lair of Beasts
 11225 | Lair:1   | Reached skill level 10 in Armour
 11465 | Lair:1   | Noticed a seven-headed hydra
 11500 | Lair:1   | Killed a seven-headed hydra
 11501 | Lair:1   | Reached skill level 16 in Axes
 11583 | Lair:1   | Noticed Fannar
 11673 | Lair:1   | Killed Fannar
 11674 | Lair:1   | Reached XP level 12. HP: 81/107 MP: 3/11
 12565 | Lair:2   | Noticed a five-headed hydra
 12621 | Lair:2   | Killed a five-headed hydra
 12674 | Lair:2   | Noticed Gastronok
 12705 | Lair:2   | Killed Gastronok
 12990 | Lair:2   | Reached skill level 10 in Dodging
 13169 | Lair:2   | Reached skill level 17 in Axes
 14001 | Lair:3   | Noticed a seven-headed hydra
 14026 | Lair:3   | Killed a seven-headed hydra
 14027 | Lair:3   | Reached XP level 13. HP: 117/117 MP: 12/12
 14553 | Lair:3   | Found a staircase to the Swamp.
 14649 | Lair:3   | Reached skill level 18 in Axes
 14951 | Lair:4   | Identified a scroll of acquirement
 15006 | Lair:4   | Acquired the +2 hat of Joy {Regen+ MP+9 Dex+2}
 15056 | Lair:4   | Found a dark tunnel.
 15068 | Volcano  | Entered a volcano
 15134 | Volcano  | Reached XP level 14. HP: 108/127 MP: 13/13
 15299 | Volcano  | Identified the +0 pair of gloves of Okawaru's Reproof
                  | {Rampage rPois rCorr Int-3}
 15536 | Lair:4   | Found a staircase to the Snake Pit.
 16450 | Lair:5   | Found a viscous altar of Jiyva.
 16453 | Lair:5   | Found a staircase to the Slime Pits.
 16556 | Lair:5   | Received a gift from Trog
 16832 | Lair:5   | Reached skill level 19 in Axes
 16865 | Lair:5   | Acquired 590 gold pieces
 16867 | Lair:5   | Acquired the ring of Ruatz {rPois Str+8 SInv}
 16998 | Lair:5   | Reached ****** piety under Trog
 17576 | Lair:6   | Entered Level 6 of the Lair of Beasts
 17805 | Lair:6   | Reached XP level 15. HP: 116/136 MP: 14/14
 18157 | Lair:6   | Received a gift from Trog
 18271 | Lair:6   | Found a white marble altar of Elyvilon.
 18776 | Lair:6   | Reached skill level 20 in Axes
 19518 | D:12     | Reached skill level 1 in Shields
 19997 | D:12     | Found a staircase to the Orcish Mines.
 20033 | Orc:1    | Entered Level 1 of the Orcish Mines
 20033 | Orc:1    | Found Nadunorgh's Weapon Emporium.
 20127 | Orc:1    | Reached skill level 5 in Shields
 20331 | Orc:2    | Entered Level 2 of the Orcish Mines
 20345 | Orc:2    | Noticed Jorgrun
 20376 | Orc:2    | Killed Jorgrun
 20420 | Orc:2    | Found Monaowk's Book Boutique.
 20478 | Orc:2    | Found a staircase to the Elven Halls.
 20579 | Orc:2    | Received a gift from Trog
 20599 | Orc:2    | Found Wuyxzaxu's Whimsical Warehouse.
 20632 | Orc:2    | Noticed Erolcha
 20642 | Orc:2    | Killed Erolcha
 21626 | Orc:2    | Found Tisubuy's Weapon Emporium.
 21626 | Orc:2    | Found Addob's Jewellery Emporium.
 21627 | Orc:2    | Found Cinar's Weapon Boutique.
 21627 | Orc:2    | Found Jamak's Magic Scroll Boutique.
 21647 | Orc:2    | Bought a scroll of noise for 14 gold pieces
 21647 | Orc:2    | Bought a scroll of teleportation for 42 gold pieces
 21915 | D:13     | Noticed Maurice
 21924 | D:13     | Killed Maurice
 22162 | D:13     | Received a gift from Trog
 22211 | D:13     | Found a gate to the Vaults.
 22237 | D:13     | Reached skill level 10 in Shields
 22307 | D:13     | Reached XP level 16. HP: 142/145 MP: 15/15
 23369 | D:14     | Found a broken altar of Ashenzari.
 23595 | D:14     | Received a gift from Trog
 23767 | D:14     | Reached skill level 15 in Shields
 23899 | D:15     | Entered Level 15 of the Dungeon
 24001 | D:15     | Found Ehiw's General Store.
 24005 | D:15     | Found Tuekyimide's Specific Store.
 24014 | D:15     | Bought the +9 scales of the Dragon King {rPois rF+ rC+
                  | Will+} for 1747 gold pieces
 24014 | D:15     | Found the +9 scales of the Dragon King {rPois rF+ rC+
                  | Will+}
 24284 | D:15     | Found a runed translucent door.
 24310 | D:15     | Found a shadowy altar of Dithmenos.
 24742 | D:15     | Found a staircase to the Depths.
 25356 | Orc:2    | Paralysed by an orc sorcerer for 2 turns
 25394 | Orc:2    | Bought an amulet of reflection for 390 gold pieces
 25566 | Swamp:1  | Entered Level 1 of the Swamp
 25582 | Swamp:1  | Received a gift from Trog
 26035 | Swamp:1  | Found a frozen archway.
 26057 | IceCv    | Entered an ice cave
 26066 | IceCv    | Reached XP level 17. HP: 134/152 MP: 16/16
 26983 | IceCv    | Reached skill level 15 in Dodging
 27112 | IceCv    | Identified the +5 mace of Wisdom {drain, *Rage rElec rF-
                  | rN+++}
 27323 | Swamp:2  | Received a gift from Trog
 28039 | Swamp:3  | Reached skill level 5 in Evocations
 28045 | Swamp:3  | Paralysed by a fenstrider witch for 7 turns
 28051 | Swamp:3  | Killed from afar by a fenstrider witch

Illustrated notes

Levels and vault maps discovered:
D:1:      tarquinn_simple_flora_water_a, layout_loops_ring,
          chequers_serial_rivers_small_a
D:2:      layout_basic, basic_altar, shapermc_ecumenical_altar_venn,
          uniq_jessica
D:3:      layout_basic
D:4:      layout_basic, kennysheep_generic_room_15, uniq_sigmund
D:5:      layout_basic
D:6:      layout_basic, temple_pool_b, eino_curves_02
D:7:      layout_basic, mainiacjoe_overflow_divided_tiny
D:8:      layout_gridville, mainiacjoe_overflow_paths, uniq_erica
D:9:      layout_basic, nicolae_ru_awakened_eye,
          mainiacjoe_overflow_large_starburst, nicolae_straight_to_the_point
D:10:     layout_basic, erik_lair_island, lightli_wizard_tower
D:11:     layout_irregular_city, serial_shops, shop, hangedman_misty_isle,
          uniq_nergalle, uniq_josephine, uniq_sonja, uniq_harold
D:12:     layout_big_octagon, orc_0_dummy
D:13:     layout_basic, erik_vaults_2, hangedman_cracks_in_the_wall,
          uniq_maurice
D:14:     kennysheep_windowed_halls, layout_rooms, cheibrodos_ashenzari_chains
D:15:     hangedman_depths_entry_civil_slaughter, layout_loops_ring,
          nicolae_dithmenos_the_darkroom, minmay_st_funbox, minmay_door_square,
          nicolae_specific_store
Temple:   eino_temple_scatter_basement
Lair:1:   layout_loops_ring, chequers_serial_rivers_large_a, uniq_fannar
Lair:2:   layout_layer_cave, uniq_gastronok
Lair:3:   layout_regular_city, minmay_swamp_entry_worms, serial_bayou_shore_b,
          grunt_megastairs_1, infiniplex_staircase_pool_2
Lair:4:   layout_cave_pods, minmay_snake_entry_guardpost_small,
          nicolae_volcano_entry_two_sided, lemuel_fruit_tree
Lair:5:   layout_layer_cave, slime_altar_1, nzn_random_ring
Lair:6:   evilmike_catoblepas_cave, layout_regular_city, lemuel_oklob_altar
Swamp:1:  layout_basic_swamp, portal_ice_cave_entry_frozen_things,
          evilmike_swamp_ruin_house_1
Swamp:2:  layout_basic_swamp, serial_swamp_ruin, evilmike_swamp_ruin_rubble_1,
          evilmike_swamp_ruin_house_6, hangedman_swamp_ruin_hall
Swamp:3:  cheibrodos_swamp_mausoleum, layout_falls_marsh,
          evilmike_swamp_ruin_rubble_2
Orc:1:    layout_caves, serial_shops, shop_statue
Orc:2:    st_orc_elflike, layout_caves, serial_shops,
          nicolae_shop_competitors_out_of_business, nicolae_alphabet_shops,
          mines1_david, uniq_erolcha, uniq_jorgrun

Skill      XL: |  1  2  3  4  5  6  7  8  9 10 11 12 13 14 15 16 17 |
---------------+----------------------------------------------------+-----
Axes           | 4 5 6 8 10 11 13 14 16 17 18 19 20 | 20.1
Fighting       | 4 6 7 9 10 11 12 13 14 | 14.7
Armour         | 3 4 5 7 8 10 11 12 13 14 | 14.5
Dodging        | 3 5 6 8 9 10 13 14 15 | 15.2
Evocations     | 2 3 5 |  5.0
Shields        | 11 17 18 | 18.2

Action                   |  1- 3 |  4- 6 |  7- 9 | 10-12 | 13-15 | 16-18 || total
-------------------------+-------+-------+-------+-------+-------+-------++-------
Melee: Hand axe          |    82 |   139 |   131 |   559 |    35 |     2 ||   948
       Headbutt          |    11 |    22 |    49 |   108 |   287 |   197 ||   674
       Punch             |     2 |       |     2 |    10 |    15 |       ||    29
       War axe           |       |       |   162 |       |  1018 |   663 ||  1843
       Trident           |       |       |       |    19 |       |       ||    19
       Broad axe         |       |       |       |       |    18 |   188 ||   206
Throw: Stone             |     1 |       |       |       |       |       ||     1
       Dart              |       |       |       |     1 |     1 |       ||     2
Invok: Berserk           |       |     4 |     4 |     9 |     3 |     3 ||    23
       Trog's Hand       |       |       |     2 |     2 |     2 |     3 ||     9
Evoke: Wand              |       |       |       |     1 |     1 |     1 ||     3
  Use: Potion            |       |       |     5 |       |     1 |     2 ||     8
       Scroll            |       |       |       |    15 |    12 |     1 ||    28
 Stab: Paralysed         |       |       |       |     4 |       |       ||     4
       Petrified         |       |       |       |       |     5 |       ||     5
       Petrifying        |       |       |       |       |     1 |       ||     1
Armor: Animal skin       |    16 |    10 |       |       |       |       ||    26
       Scale mail        |       |    35 |   140 |    39 |       |       ||   214
       Ring mail         |       |     8 |       |    58 |   244 |       ||   310
       Troll leather arm |       |       |       |    57 |       |       ||    57
       Acid dragon scale |       |       |       |    56 |       |       ||    56
       Plate armour      |       |       |       |       |    61 |   131 ||   192
       Gold dragon scale |       |       |       |       |       |   348 ||   348
Dodge: Dodged            |    49 |    67 |   133 |   278 |   506 |   309 ||  1342
Block: Buckler           |       |       |       |       |    69 |    80 ||   149
       Kite shield       |       |       |       |       |       |   433 ||   433
       Reflection        |       |       |       |       |       |     9 ||     9
